 Dungeon Crawl Stone Soup version 0.32-a0-560-g4c7f4391e0 (webtiles) character file.

Game seed: 7982546395621344408

595 Dittersdorf the Covered (level 7, -4/44 HPs)
             Began as a Gargoyle Fighter on Feb 29, 2024.
             Slain by an orc
             ... wielding a +0 trident
              (7 damage)
             ... on level 4 of the Dungeon.
             The game lasted 00:03:19 (2576 turns).

Dittersdorf the Covered (Gargoyle Fighter)          Turns: 2576, Time: 00:03:19

Health: -4/44      AC: 12    Str: 22    XL:     7   Next: 40%
Magic:  7/7        EV:  9    Int:  8    God:
Gold:   265        SH:  0    Dex:  9    Spells: 6/6 levels left

rFire   . . .        a - +0 flail
rCold   . . .        c - +0 buckler
rNeg    + . .        b - +0 scale mail
rPois   ∞            (no helmet)
rElec   +            (no cloak)
rCorr   .            (no gloves)
SInv    .            (no boots)
Will    .....        q - amulet of faith Stlth
                     (no ring)
HPRegen 0.27/turn    (no ring)
MPRegen 0.10/turn

%: faith
@: confused
A: sickness immunity, AC +4, negative energy resistance 1, electricity
resistance, torment resistance 1, petrification resistance
a: no special abilities


You were on level 4 of the Dungeon.
You visited 1 branch of the dungeon, and saw 4 of its levels.
You also visited: Ossuary.

You collected 265 gold pieces.

Inventory:

Hand Weapons
 a - a +0 flail (weapon)
Armour
 b - a +0 scale mail (worn)
 c - a +0 buckler (worn)
Jewellery
 q - an amulet of faith (around neck)
Wands
 r - a wand of digging (6)
Scrolls
 h - 4 scrolls of fog
 i - 3 scrolls of teleportation
 l - a scroll of revelation
 m - 3 scrolls of butterflies
 n - a scroll of poison
 p - 2 scrolls of enchant weapon
 u - a scroll of enchant armour {unknown}
 v - a scroll of identify
Potions
 d - a potion of might
 e - 5 potions of curing {unknown}
 f - a potion of brilliance
 g - a potion of ambrosia
 j - a potion of enlightenment {unknown}
 k - a potion of heal wounds {unknown}
 o - a potion of berserk rage
 s - 2 potions of magic {unknown}
 t - a potion of invisibility {unknown}


   Skills:
 + Level 5.3 Fighting
 + Level 4.2 Maces & Flails
 + Level 5.4 Armour
 + Level 5.3 Shields


You had 6 spell levels left.
You didn't know any spells.
Your spell library was empty.

Dungeon Overview and Level Annotations

Branches:
Dungeon (4/15)            Ossuary (visited)
 Temple: D:4-7

Altars:


Innate Abilities, Weirdness & Mutations

You are immune to sickness and miasma.
Your stone body is resilient. (AC +4)
You are immune to poison.
You resist negative energy. (rN+)
You are resistant to electric shocks. (rElec)
You are resistant to unholy torment.
You are immune to petrification.


Message History

You miss something. Something hits you but does no damage.
The orc closely misses you.
The quokka bites you but does no damage.
You hit something. You block the quokka's attack.
Something hits you but does no damage. The orc hits you but does no damage.
The quokka bites you but does no damage.
Something hits you.
* * * LOW HITPOINT WARNING * * *
The orc barely misses you.
You miss something. You block the quokka's attack.
Something hits you but does no damage. You block the orc's attack.
The quokka closely misses you.
You barely miss something. Something hits you.
* * * LOW HITPOINT WARNING * * *
The orc barely misses you.
The quokka bites you but does no damage.
You miss something. You block the quokka's attack.
You hear some strange, mumbled words.
A magic dart appears from out of thin air!
The magic dart hits you but does no damage.
The orc hits you but does no damage. Something hits you but does no damage.
The quokka closely misses you. The orc hits you but does no damage.
You miss something.
The quokka bites you but does no damage.
Something hits you but does no damage. The orc hits you but does no damage.
You closely miss something.
The quokka twitches its whiskers.
The quokka closely misses you.
You hear some strange, mumbled words.
You are confused.
The orc hits you but does no damage.
The quokka bites you but does no damage.
You hit something. Something hits you.
* * * LOW HITPOINT WARNING * * *
The orc hits you but does no damage. The quokka closely misses you.
You barely miss the quokka.
Reactivating autopickup.
An orc wizard appears from thin air!
The orc wizard barely misses you.
The orc hits you from afar with a +0 trident!
You die...

..:. ......
....... .. ......!
.... #......
#..#####...# ..
.##...@o..# ...
.......r...# ....
.......o#..###....
##......##........
#?#....##.....##.
# #....#.)...###.
.....##.........
###..............
#..###.)#..####


You could see an orc wizard, an orc and a quokka.

Vanquished Creatures
  Sigmund (D:3)
  A weeping skull (Ossuary)
  A scorpion (D:4)
  A burial acolyte (Ossuary)
  An orc priest (D:4)
  4 mummies (Ossuary)
  8 adders
  2 dart slugs
  2 ribbon worms (D:3)
  5 orcs (D:4)
  8 bats
  6 endoplasms
  3 giant cockroaches
  2 gnoll zombies (Ossuary)
  6 goblins
  6 hobgoblins
  6 jackals
  9 kobolds
  3 quokkas
  6 ball pythons
  5 frilled lizards
  4 kobold zombies (Ossuary)
  2 orc zombies (Ossuary)
  8 rats
100 creatures vanquished.

Notes
Turn   | Place    | Note
-------+----------+-------------------------------------------
     0 | D:1      | Dittersdorf the Gargoyle Fighter began the quest for the
                  | Orb.
     0 | D:1      | Reached XP level 1. HP: 14/14 MP: 1/1
   120 | D:1      | Reached XP level 2. HP: 8/19 MP: 2/2
   551 | D:1      | Reached XP level 3. HP: 23/23 MP: 3/3
  1008 | D:2      | Reached XP level 4. HP: 29/29 MP: 4/4
  1352 | D:3      | Noticed Sigmund
  1366 | D:3      | Killed Sigmund
  1367 | D:3      | Reached XP level 5. HP: 27/34 MP: 5/5
  1367 | D:3      | Reached XP level 6. HP: 32/39 MP: 6/6
  2123 | D:4      | Reached skill level 5 in Armour
  2133 | D:4      | Found a sand-covered staircase.
  2138 | Ossuary  | Entered an ossuary
  2183 | Ossuary  | Reached skill level 5 in Fighting
  2183 | Ossuary  | Reached skill level 5 in Shields
  2183 | Ossuary  | Reached XP level 7. HP: 34/44 MP: 7/7
  2576 | D:4      | Slain by an orc

Illustrated notes

Levels and vault maps discovered:
D:1:      dpeg_arrival_shrine, layout_basic
D:2:      layout_rooms
D:3:      layout_loops_ring, minmay_diced_spiral, uniq_sigmund
D:4:      layout_cave_pools, nicolae_ru_the_path_less_chosen,
          minmay_temple_entry_nine_rooms, nicolae_ossuary_entry_plus,
          dilly_guarded_unrand_throatcut

Skill      XL: |  1  2  3  4  5  6  7 |
---------------+----------------------+-----
Armour         | 4 5 |  5.4
Fighting       | 4 5 |  5.3
Maces & Flails | 3 4 |  4.2
Shields        | 4 5 |  5.3

Action                     |  1- 3 |  4- 6 |  7- 9 || total
---------------------------+-------+-------+-------++-------
  Melee: Flail             |   142 |   138 |    89 ||   369
    Use: Scroll            |       |    12 |     1 ||    13
 Armour: Scale mail        |   131 |   129 |   101 ||   361
  Dodge: Dodged            |   101 |    80 |    55 ||   236
  Block: Buckler           |    35 |    41 |    30 ||   106

Table legend: (Time is in decaauts)
 A = Elapsed time spent in this place.
 B = Non-inter-level travel time spent in this place.
 C = Inter-level travel time spent in this place.
 D = Time resting spent in this place.
 E = Time spent auto-exploring this place.
 F = Levels seen in this place.
 G = Mean time per level.
                   A        B        C        D        E       F      G
               +--------+--------+--------+--------+--------+-----+--------+
         Total |   2676 |   2564 |    112 |    179 |   1507 |   5 |  535.2 |
       Dungeon |   2330 |   2218 |    112 |     77 |   1414 |   4 |  582.5 |
       Ossuary |    346 |    346 |      0 |    102 |     93 |   1 |  346.0 |
               +--------+--------+--------+--------+--------+-----+--------+

Top non-repeatable levels by time:
     D:3: 765 daAuts
     D:1: 754 daAuts
     D:2: 595 daAuts
 Ossuary: 346 daAuts
     D:4: 214 daAuts
